 Dungeon Crawl Stone Soup version 0.30.0-29-ga12c61a403 (webtiles) character file.

Game seed: 9848454325722248245

1318 Gabide the Gusty (level 8, -1/66 HPs)
             Began as a Demigod Air Elementalist on June 11, 2023.
             Slain by a yak (15 damage)
             ... on level 4 of the Dungeon.
             The game lasted 00:11:56 (6413 turns).

Gabide the Gusty (Demigod Air Elementalist)         Turns: 6413, Time: 00:11:56

Health: -1/66      AC:  3    Str:  9    XL:     8   Next: 11%
Magic:  0/16       EV: 13    Int: 25    God:
Gold:   265        SH:  0    Dex: 14    Spells: 4/14 levels left

rFire   . . .        a - +3 whip (elec)
rCold   + . .        (no shield)
rNeg    . . .        j - +1 robe
rPois   .            (no helmet)
rElec   .            (no cloak)
rCorr   .            (no gloves)
SInv    .            (no boots)
Will    .....        f - amulet of the acrobat
Stlth   ++           l - ring of protection from cold
HPRegen 0.31/turn    (no ring)
MPRegen 0.15/turn

%: acrobat
@: about to teleport
A: high MP 1, forlorn, divine attributes
a: no special abilities


You were on level 4 of the Dungeon.
You visited 2 branches of the dungeon, and saw 6 of its levels.

You collected 275 gold pieces.
You spent 10 gold pieces at shops.

Inventory:

Hand Weapons
 a - a +3 whip of electrocution (weapon)
 b - a +4 dagger of freezing
Armour
 j - a +1 robe (worn)
Magical Staves
 n - a staff of death
Jewellery
 d - a ring of flight
 f - an amulet of the acrobat (around neck)
 l - a ring of protection from cold (left hand)
Wands
 t - a wand of acid (4)
Scrolls
 c - a scroll of vulnerability
 e - a scroll of blinking
 i - 3 scrolls of poison
 p - 3 scrolls of teleportation
 r - a scroll of enchant armour
 v - a scroll of identify
Potions
 g - 2 potions of haste
 h - 2 potions of curing
 k - a potion of might
 m - a potion of cancellation {unknown}
 o - 3 potions of flight
 q - a potion of berserk rage {unknown}
 s - a potion of mutation {unknown}
 u - a potion of heal wounds {unknown}
 w - a potion of resistance {unknown}


   Skills:
 + Level 3.8 Fighting
 + Level 3.8 Dodging
 - Level 3.0 Stealth
 + Level 3.6 Spellcasting
 - Level 1.0 Conjurations
 * Level 6.8 Air Magic


You had 4 spell levels left.
You knew the following spells:

 Your Spells              Type           Power      Damage    Failure   Level
a - Shock                 Conj/Air       96%        1d9       1%          1
b - Static Discharge      Conj/Air       48%        2-4/arc   2%          2
c - Swiftness             Air            39%        N/A       1%          3
d - Airstrike             Air            19%        2d(3-19)  5%          4

Your spell library contained the following spells:

 Spells                   Type           Power      Damage    Failure   Level
 Poisonous Vapours        Pois/Air       42%        N/A       3%          2
 Necrotise                Necr           16%        1d4       10%         1
 Mephitic Cloud           Conj/Pois/Air  17%        N/A       10%         3
 Summon Lightning Spire   Summ/Air       21%        N/A       22%         4
 Ozocubu's Armour         Ice            4%         N/A       28%         3
 Vampiric Draining        Necr           4%         2d6       28%         3
 Freezing Cloud           Conj/Ice/Air   8%         6-21      65%         5
 Agony                    Necr           4%         N/A       95%         5
 Ozocubu's Refrigeration  Ice            2%         4d7       100%        7
 Storm Form               Tmut/Air       10%        N/A       100%        7
 Maxwell's Capacitive Co  Air            19%        ∞         100%        8


Dungeon Overview and Level Annotations

Branches:
Dungeon (5/15)             Temple (1/1) D:5

Shops:
D:1 !   D:5 *


Innate Abilities, Weirdness & Mutations

You have an increased reservoir of magic. (+10% MP)
You shall have no god before yourself.
Your divine heritage dramatically boosts your attributes as you level up.


Message History

You are struck by an arc of lightning.
The yak is struck by an arc of lightning.
The yak is lightly wounded.
You are struck by an arc of lightning.
The lightning grounds out.
The iguana is struck by an arc of lightning.
The iguana is heavily wounded.
You are struck by an arc of lightning.
The yak is struck by an arc of lightning.
The yak is moderately wounded.
The lightning grounds out.
The yak gores you. The iguana barely misses you.
Casting: Static Discharge (safe; 2% risk of failure)
Confirm with . or Enter, or press ? or * to list all spells.
The yak is struck by an arc of lightning.
The yak is moderately wounded.
You are struck by an arc of lightning.
The lightning grounds out.
The iguana is struck by an arc of lightning.
The iguana is severely wounded.
You are struck by an arc of lightning.
The yak is struck by an arc of lightning.
The yak is heavily wounded.
The lightning grounds out.
The yak gores you! The iguana completely misses you.
Casting: Static Discharge (safe; 2% risk of failure)
Confirm with . or Enter, or press ? or * to list all spells.
The iguana is struck by an arc of lightning.
The iguana is almost dead.
You are struck by an arc of lightning.
The yak is struck by an arc of lightning.
The yak is heavily wounded.
The lightning grounds out.
The yak gores you but does no damage. The iguana bites you!
* * * LOW HITPOINT WARNING * * *
Unknown command.
The yak gores you.
* * * LOW HITPOINT WARNING * * *
As you read the scroll of teleportation, it crumbles to dust.
You feel strangely unstable. The yak closely misses you. The iguana bites you!
* * * LOW HITPOINT WARNING * * *
Unknown command.
You feel better. The yak gores you!
You die...

............### .(..........#
#...........#
#....#......#####
#.#..#......#...# ###
..##............###.#
.###............##..###
...#............Yl÷...#
)...............@##...#
...............###....#
...#........>...#....#######
#..#........(.........#.##.###
##..............#............#
............................##
.....................##.....#
...#....................##.##
#..#......................##


You could see a yak and an iguana.

Vanquished Creatures
  3 yaks
  A water moccasin (D:5)
  A black bear (D:5)
  An ogre (D:4)
  A phantom (D:5)
  2 scorpions
  A jelly (D:4)
  A sleepcap (D:5)
  3 hounds
  An iguana (D:5)
  A mummy (D:5)
  15 adders
  2 white imps
  4 dart slugs
  An orc (D:5)
  9 ball pythons
  6 endoplasms
  5 giant cockroaches
  9 goblins
  7 hobgoblins
  A quokka (D:1)
  7 bats
  2 frilled lizards
  8 kobolds
  4 rats
96 creatures vanquished.

Notes
Turn   | Place    | Note
-------+----------+-------------------------------------------
     0 | D:1      | Gabide the Demigod Air Elementalist began the quest for the
                  | Orb.
     0 | D:1      | Reached XP level 1. HP: 14/14 MP: 5/5
    87 | D:1      | Reached skill level 1 in Conjurations
   340 | D:1      | Reached XP level 2. HP: 22/22 MP: 4/7
   381 | D:1      | Reached skill level 3 in Air Magic
   699 | D:1      | Bought a potion of degeneration for 10 gold pieces
  1496 | D:2      | Reached XP level 3. HP: 20/27 MP: 0/8
  1571 | D:2      | Reached skill level 1 in Fighting
  1574 | D:2      | Learned a level 2 spell: Static Discharge
  2718 | D:2      | Reached XP level 4. HP: 35/35 MP: 5/10
  3130 | D:3      | Learned a level 3 spell: Swiftness
  3622 | D:3      | Reached skill level 4 in Air Magic
  3630 | D:3      | Reached XP level 5. HP: 39/41 MP: 3/11
  4355 | D:4      | Noticed an ogre
  4679 | D:4      | Killed an ogre
  4680 | D:4      | Reached XP level 6. HP: 48/50 MP: 1/13
  4829 | D:5      | Entered Level 5 of the Dungeon
  4950 | D:5      | Reached skill level 5 in Air Magic
  5101 | D:5      | Found a staircase to the Ecumenical Temple.
  5186 | Temple   | Entered the Ecumenical Temple
  5484 | D:5      | Found Kuqusal's Serpentskin Sales.
  5484 | D:5      | Noticed a water moccasin
  5489 | D:5      | Killed a water moccasin
  5490 | D:5      | Reached skill level 6 in Air Magic
  5490 | D:5      | Reached XP level 7. HP: 28/57 MP: 3/14
  5735 | D:5      | Learned a level 4 spell: Airstrike
  6016 | D:5      | Noticed a yak
  6017 | D:5      | Noticed a yak
  6017 | D:5      | Noticed a yak
  6047 | D:4      | Killed a yak
  6204 | D:5      | Noticed a yak
  6207 | D:5      | Noticed a yak
  6212 | D:5      | Killed a yak
  6364 | D:5      | Killed a yak
  6365 | D:5      | Reached XP level 8. HP: 66/66 MP: 7/16
  6412 | D:4      | HP: 3/66 [iguana (11)]
  6413 | D:4      | Slain by a yak

Illustrated notes

Levels and vault maps discovered:
D:1:      roderic_crop_circles_arrival_small, layout_basic,
          chequers_ecumenical_altar_simple, serial_shops, shop, minivault_4
D:2:      layout_basic
D:3:      layout_rooms, elyvilon_altar_4
D:4:      layout_cave_pools, minmay_unequal
D:5:      layout_basic, mainiacjoe_overflow_boulevard, slow_altar_1,
          minmay_temple_entry_trees, guppyfry_shop_venom
Temple:   bh_familiar_temple

Skill      XL: |  1  2  3  4  5  6  7 |
---------------+----------------------+-----
Conjurations   | 1 |  1.0
Dodging        | 2 3 |  3.8
Air Magic      | 3 4 6 |  6.8
Spellcasting   | 2 3 |  3.6
Fighting       | 1 2 3 |  3.8
Stealth        | 2 3 |  3.0

Action                     |  1- 3 |  4- 6 |  7- 9 || total
---------------------------+-------+-------+-------++-------
  Melee: Unarmed           |     9 |       |       ||     9
         Whip              |     4 |     8 |    15 ||    27
         Punch             |       |       |     1 ||     1
   Cast: Shock             |   120 |   146 |    11 ||   277
         Static Discharge  |       |    15 |     4 ||    19
         Swiftness         |       |     1 |       ||     1
         Airstrike         |       |       |    15 ||    15
    Use: Potion            |     1 |       |     1 ||     2
         Scroll            |       |    14 |     1 ||    15
 Armour: Robe              |     5 |    18 |     3 ||    26
  Dodge: Dodged            |    25 |    46 |    30 ||   101
